 Dungeon Crawl Stone Soup version 0.24-a0-584-g9d6b971 (webtiles) character file.

Game seed: 1545788630024629882, levelgen mode: deterministic

68 BRANGAR the Cudgeler (level 4, -2/29 HPs)
             Began as a Gargoyle Berserker on Sept 3, 2019.
             Was a Believer of Trog.
             Slain by a killer bee (6 damage)
             ... on level 3 of the Dungeon.
             The game lasted 00:10:37 (1959 turns).

BRANGAR the Cudgeler (Gargoyle Berserker)           Turns: 1959, Time: 00:10:38

Health: -2/29      AC:  5    Str: 21    XL:     4   Next: 19%
Magic:  4/4        EV: 12    Int:  8    God:    Trog [**....]
Gold:   82         SH:  0    Dex:  9    Spells: 3/3 levels left

rFire    . . .     SeeInvis .   a - +0 mace
rCold    . . .     Gourm    .   (no shield)
rNeg     + . .     Faith    .   b - +0 animal skin
rPois    ∞         Spirit   .   (no helmet)
rElec    +         Reflect  .   (no cloak)
rCorr    .         Harm     .   (no gloves)
MR       .....     Rnd*Tele +   (no boots)
Stlth    +.........             (no amulet)
HPRegen  0.09/turn              i - ring of teleportation (curse)
MPRegen  0.09/turn              (no ring)

@: no status effects
A: negative energy resistance 1, electricity resistance, unbreathing,
petrification resistance, rot immunity, AC +3
a: Berserk, Trog's Hand, Renounce Religion


You were on level 3 of the Dungeon.
You worshipped Trog.
Trog was pleased with you.
You were not hungry.

You visited 1 branch of the dungeon, and saw 3 of its levels.

You collected 82 gold pieces.

Inventory:

Hand Weapons
 a - a +0 mace (weapon)
Armour
 b - a +0 animal skin (worn)
Jewellery
 i - a cursed ring of teleportation (left hand)
Scrolls
 e - a scroll of teleportation {unknown}
 j - a scroll of magic mapping {unknown}
Potions
 c - a potion of lignification {unknown}
 d - 3 potions of flight {unknown}
 f - a potion of brilliance
 h - a potion of ambrosia {unknown}
Comestibles
 k - a ration


   Skills:
 + Level 3.6 Fighting
 + Level 4.2 Maces & Flails
 + Level 2.2 Armour
 + Level 2.2 Dodging


You had 3 spell levels left.
You didn't know any spells.
Your spell library was empty.

Dungeon Overview and Level Annotations

Branches:
Dungeon (3/15)

Altars:
Okawaru
Uskayaw
Vehumet
Zin


Innate Abilities, Weirdness & Mutations

You are resistant to torment.
Your stone body is resilient. (AC +3)
You are immune to poison.
You resist negative energy. (rN+)
You are resistant to electric shocks. (rElec)
You can survive without breathing.
You are immune to petrification.
You are immune to rotting.


Message History

The jackal closely misses you.
You closely miss the jackal.
The jackal is heavily wounded.
The jackal bites you but does no damage. x2
You hit the jackal but do no damage.
The jackal is heavily wounded.
The jackal bites you but does no damage.
You hit the jackal.
The jackal is severely wounded.
The jackal misses you.
The jackal bites you but does no damage.
You closely miss the jackal.
The jackal is severely wounded.
The jackal closely misses you. The jackal bites you.
* * * LOW HITPOINT WARNING * * *
You hit the jackal.
You kill the jackal!
Trog accepts your kill. The killer bee stings you.
You die...

#.##...©...##.# #
#.#8.......8#.# #
##.#$$.......#.####
##..#_?.......#.....
#..©#_$..).©..#©..##
#.§§#_?.......#..##
#.#r#l$.......#.##
#.#y#8.......8#.# #
#@##o.$....##.#
#.§#########..#
##§§.........##
#########.##


You could see a killer bee, an orc, a leopard gecko and a rat.

Vanquished Creatures
  2 adders (D:2)
  5 worms
  4 giant cockroaches
  6 goblins
  A hobgoblin (D:1)
  7 jackals
  3 bats
  A frilled lizard (D:2)
  A kobold (D:1)
  6 rats
36 creatures vanquished.

Notes
Turn   | Place    | Note
-------+----------+-------------------------------------------
     0 | D:1      | BRANGAR the Gargoyle Berserker began the quest for the Orb.
     0 | D:1      | Reached XP level 1. HP: 14/14 MP: 1/1
   264 | D:1      | Reached XP level 2. HP: 17/19 MP: 2/2
  1302 | D:2      | Reached XP level 3. HP: 16/23 MP: 3/3
  1408 | D:2      | Reached skill level 4 in Maces & Flails
  1415 | D:2      | HP: 1/23 [worm (2)]
  1431 | D:2      | Reached ** piety under Trog
  1795 | D:2      | HP: 1/24 [worm (10)]
  1798 | D:2      | Reached XP level 4. HP: 29/29 MP: 4/4
  1805 | D:2      | Found a hide-covered altar of Uskayaw.
  1923 | D:3      | Found a transporter.
  1928 | D:3      | Found a transporter.
  1931 | D:3      | Found an iron altar of Okawaru.
  1931 | D:3      | Found a radiant altar of Vehumet.
  1931 | D:3      | Found a glowing silver altar of Zin.
  1959 | D:3      | Slain by a killer bee

Levels and vault maps discovered:
D:1:      saegor_arrival_simple_c, layout_basic, bh_walls_and_bars
D:2:      layout_rooms, eat_drink_and_be_merry_uskayaw
D:3:      wad_crossroads, layout_loops_ring, lemuel_round_altar,
          gammafunk_temple_overflow_arena

Skill      XL: |  1  2  3 |
---------------+----------+-----
Maces & Flails | 4 |  4.2
Dodging        | 2 |  2.2
Fighting       | |  3.6
Armour         | |  2.2

Action                   |  1- 3 |  4- 6 || total
-------------------------+-------+-------++-------
Melee: Mace              |   173 |    30 ||   203
  Use: Scroll            |     4 |     1 ||     5
       Potion            |     2 |       ||     2
  Eat: Chunk             |     1 |       ||     1
       Ration            |     1 |       ||     1
Armor: Animal skin       |    84 |    22 ||   106
Dodge: Dodged            |   195 |    40 ||   235

Table legend:
 A = Non-vault XP
 B = Vault XP
 C = Vault XP percentage of total XP
 D = Non-vault monster count
 E = Vault monster count
 F = Vault count percentage of total count
                 A         B        C        D         E       F
            +---------+---------+-------+---------+---------+-------
      Total |      96 |       2 |   2.0 |      35 |       1 |   2.8
            +---------+---------+-------+---------+---------+-------
        D:1 |      26 |       0 |   0.0 |      14 |       0 |   0.0
        D:2 |      65 |       0 |   0.0 |      20 |       0 |   0.0
        D:3 |       5 |       2 |  28.6 |       1 |       1 |  50.0
            +---------+---------+-------+---------+---------+-------
